 Dungeon Crawl Stone Soup version 0.18-a0-1041-gbe91bf5 (webtiles) character file.

126 dvd the Chiller (level 5, -4/32 HPs)
             Began as an Octopode Ice Elementalist on Jan 10, 2016.
             Slain by Sigmund
             ... wielding a +4 scythe of protection
              (7 damage)
             ... on level 2 of the Dungeon.
             The game lasted 00:08:29 (2757 turns).

dvd the Chiller (Octopode Ice Elementalist)         Turns: 2757, Time: 00:08:29

Health: -4/32      AC:  6    Str:  8    XL:     5   Next: 10%
Magic:  2/9        EV: 12    Int: 18    God:
Gold:   90         SH:  0    Dex: 12    Spells: 3 memorised, 4 levels left

rFire  . . .     SeeInvis .     d - +0 mace
rCold  . . .     Gourm    .     (no shield)
rNeg   . . .     Faith    .     (helmet restricted)
rPois  .         Spirit   .     (no amulet)
rElec  .         Dismiss  .     (no ring)
rCorr  .         Reflect  .     (no ring)
SustAt .         Harm     .     (no ring)
MR     .....                    (no ring)
Stlth  ++++......               (no ring)
                                (no ring)
                                (no ring)
                                (no ring)

@: icy armour, not resistant to hostile enchantments, stealthy
A: almost no armour, amphibious, 8 rings, constrict 8, camouflage 1, gelatinous
body 1
a: no special abilities


You were on level 2 of the Dungeon.
You were not hungry.

You visited 1 branch of the dungeon, and saw 2 of its levels.

You collected 90 gold pieces.

Inventory:

Hand Weapons
 d - a +0 mace (weapon)
 e - a +0 short sword
Scrolls
 m - a scroll of teleportation {unknown}
Potions
 f - 3 potions of curing {unknown}
 g - a potion of degeneration {unknown}
 i - a potion of haste {unknown}
 j - 3 potions of agility
 k - a potion of heal wounds {unknown}
 l - a potion of might {unknown}
Books
 a - a book of Frost

   Spells                             Type                      Level
   a - Freeze                         Ice                          1
   b - Throw Frost                    Conjuration/Ice              2
   c - Ozocubu's Armour               Charms/Ice                   3
   d - Throw Icicle                   Conjuration/Ice              4
   e - Summon Ice Beast               Ice/Summoning                4
   f - Condensation Shield            Ice                          4
Comestibles
 b - 3 bread rations
 c - a slice of pizza
 h - 5 fruits
 n - a chunk of flesh


   Skills:
 + Level 0.6 Fighting
 + Level 0.4 Maces & Flails
 + Level 2.2 Dodging
 + Level 3.7 Stealth
 * Level 3.0 Spellcasting
 + Level 1.2 Conjurations
 * Level 4.1 Ice Magic


You had 4 spell levels left.
You knew the following spells:

 Your Spells              Type           Power        Failure   Level  Hunger
a - Freeze                Ice            ###.         3%          1    None
b - Throw Frost           Conj/Ice       ##....       12%         2    ##.....
c - Ozocubu's Armour      Chrm/Ice       ##......     24%         3    ###....


Dungeon Overview and Level Annotations

Branches:
Dungeon (2/15)

Altars:
Xom

Annotations:
D:2 Sigmund


Innate Abilities, Weirdness & Mutations

You cannot wear most types of armour.
You are amphibious.
You can wear up to eight rings at the same time.
You can use your tentacles to constrict eight enemies at once.
Your skin changes colour to match your surroundings (Stealth).
Your rubbery body absorbs attacks (AC +1).


Message History

* * * LOW HITPOINT WARNING * * *
Casting: Ozocubu's Armour
Confirm with . or Enter, or press ? or * to list all spells.
Aiming: Freeze
Press: ? - help, Shift-Dir - straight line, f/p - Sigmund
Aim: Sigmund, wielding a scythe of protection, wearing a robe and carrying a wand of polymorph {empty} (lightly wounded)
You freeze Sigmund.
Sigmund is moderately wounded.
Sigmund casts a spell.
Sigmund flickers and vanishes!
Deactivating autopickup; reactivate with Ctrl-A.
Casting: Freeze
Confirm with . or Enter, or press ? or * to list all spells.
You can't see any susceptible monsters within range! (Use Z to cast anyway.)
Casting: Freeze
Confirm with . or Enter, or press ? or * to list all spells.
Aiming: Freeze
Press: ? - help, Shift-Dir - straight line You freeze something.
Something hits you!
You die...

#.#.### #.....#..#.#.#
#.#.########..#....#.#
..#....#########.###.#
######.#......)#..[..#
....##.##.###.########
###.##....# #.....#
#...#############.#
#.### ........#.# #.#
#....{@.# #.#
#.###.### #.# ###.###
#.# #.....# #.#
############.### #.#
#(.........#...# #.#
#.########.###.# #.#
#.# #.###.# ..####.#
#.....#


There were no monsters in sight!

Vanquished Creatures
  Ijyb (D:2)
  A gnoll (D:1)
  5 adders (D:2)
  A worm (D:2)
  9 bats
  2 giant cockroaches (D:2)
  5 goblins
  4 hobgoblins (D:1)
  2 quokkas (D:2)
  A ball python (D:2)
  2 giant newts (D:2)
  8 kobolds
  5 rats
46 creatures vanquished.

Notes
Turn   | Place    | Note
--------------------------------------------------------------
     0 | D:1      | dvd the Octopode Ice Elementalist began the quest for the Orb.
     0 | D:1      | Reached XP level 1. HP: 11/11 MP: 3/3
   503 | D:1      | Reached XP level 2. HP: 17/17 MP: 3/5
   603 | D:1      | Learned a level 2 spell: Throw Frost
   657 | D:1      | Reached XP level 3. HP: 11/21 MP: 1/6
   832 | D:1      | Learned a level 3 spell: Ozocubu's Armour
  1795 | D:2      | Reached XP level 4. HP: 27/27 MP: 0/7
  2014 | D:2      | Found a shimmering altar of Xom.
  2014 | D:2      | Noticed Sigmund
  2299 | D:2      | Reached skill level 4 in Ice Magic
  2307 | D:2      | Noticed Ijyb
  2319 | D:2      | Killed Ijyb
  2465 | D:2      | Reached XP level 5. HP: 26/32 MP: 9/9
  2757 | D:2      | Slain by Sigmund

Vault maps used:
D:1:      minmay_arrival_hallway
D:2:      overflow_temple_1_default, first_bread, uniq_iyjb, uniq_sigmund

Action                   |  1- 3 |  4- 6 || total
-------------------------+-------+-------++-------
Melee: Mace              |    32 |    33 ||    65
       Unarmed           |     3 |     2 ||     5
 Cast: Freeze            |    25 |    13 ||    38
       Ozocubu's Armour  |     5 |     7 ||    12
       Throw Frost       |     1 |     4 ||     5
 Stab: Sleeping          |     9 |     4 ||    13
  Eat: Chunk             |     4 |     4 ||     8
